 Dungeon Crawl Stone Soup version 0.19.4 (webtiles) character file.

429 Chiseanne the Skirmisher (level 6, 0/47 HPs)
             Began as a Demonspawn Wanderer on Feb 4, 2017.
             Slain by an orc
             ... wielding a +0 trident
              (3 damage)
             ... on level 4 of the Dungeon.
             The game lasted 00:07:08 (3685 turns).

Chiseanne the Skirmisher (Demonspawn Wanderer)      Turns: 3685, Time: 00:07:09

Health: 0/47       AC:  6    Str: 14    XL:     6   Next: 66%
Magic:  0/7        EV: 12    Int: 13    God:
Gold:   147        SH:  0    Dex: 13    Spells: 0 memorised, 7 levels left

rFire  . . .     SeeInvis .     a - +5 spear
rCold  . . .     Gourm    .     c - +1 ring mail
rNeg   . . .     Faith    .     (no shield)
rPois  .         Spirit   +     (no helmet)
rElec  .         Reflect  .     (no cloak)
rCorr  .         Harm     .     (no gloves)
MR     .....                    (no boots)
Stlth  +.........               i - amulet of guardian spirit
                                (no ring)
                                (no ring)

@: slowed, very slow
A: demonic guardian 1, powered by pain 1
a: no special abilities


You were on level 4 of the Dungeon.
You were not hungry.

You visited 1 branch of the dungeon, and saw 4 of its levels.

You collected 147 gold pieces.

Inventory:

Hand Weapons
 a - a +5 spear (weapon)
 u - a +1 whip of venom
 w - a +2 blowgun
Missiles
 b - 43 bolts
 e - 3 curare-tipped needles
 k - 154 stones (quivered)
 r - 25 arrows
 x - 6 poisoned needles
Armour
 c - a +1 ring mail (worn)
 q - the +2 robe of Resilience {+Fly, unknown}
   (You found it on level 4 of the Dungeon)

   It lets you fly.
 v - a +2 leather armour of cold resistance
Jewellery
 i - an amulet of guardian spirit (around neck)
 n - an uncursed ring of wizardry
Wands
 m - a wand of disintegration (4/24)
 s - a wand of digging (16/24)
Scrolls
 d - a scroll of identify
 o - a scroll of teleportation
 t - 3 scrolls of noise {unknown}
 y - a scroll of recharging
Potions
 j - 2 potions of heal wounds {unknown}
 l - 2 potions of haste
 p - 2 potions of curing {unknown}
 A - a potion of cancellation {unknown}
Comestibles
 f - 5 bread rations
 g - a slice of pizza
 h - 2 meat rations


   Skills:
 * Level 3.5 Fighting
 - Level 1.0 Maces & Flails
 * Level 2.9 Throwing
 * Level 3.3 Armour
 * Level 3.0 Dodging
 - Level 1.0 Stealth
 - Level 1.0 Spellcasting
   Level 2.0 Summonings
   Level 1.7 Earth Magic


You had 7 spell levels left.
You didn't know any spells.

Dungeon Overview and Level Annotations

Branches:
Dungeon (4/15)
 Temple: D:4-7

Altars:


Innate Abilities, Weirdness & Mutations

A weak demonic guardian rushes to your aid.
You sometimes gain a little power by taking damage.


Message History

The orc hits you with a trident.
* * * LOW HITPOINT WARNING * * *
The orc barely misses you. The orc hits you with a trident.
* * * LOW HITPOINT WARNING * * *
Items here: )) [ †† a hand axe; a dagger; a robe; a frilled lizard corpse; an orc corpse You hit the orc.
The orc is almost dead.
The orc barely misses you. x2
The orc hits you from afar with a trident!
* * * LOW HITPOINT WARNING * * *
You completely miss the orc.
The orc is almost dead.
The orc hits you with a trident.
* * * LOW HITPOINT WARNING * * *
The orc hits you but does no damage. x2
You hit the orc.
You kill the orc!
The orc hits you from afar with a trident.
You die...

### #..
#......#.#
#......#.#
#....).#.#
#......#.#
###......#.#
.........#.#
#.....)#@########
#....(o).........
#.....###########
#...... #.....#.
....#.##.#
######o # .. .^


You could see an orc.

Vanquished Creatures
  2 orc wizards (D:4)
  8 adders
  An ooze (D:1)
  4 worms
  A dart slug (D:2)
  2 leopard geckos
  3 orcs (D:4)
  A ball python (D:3)
  4 giant cockroaches
  7 goblins
  5 hobgoblins
  3 jackals (D:2)
  6 kobolds
  A quokka (D:3)
  14 bats
  5 frilled lizards
  6 rats
73 creatures vanquished.

Vanquished Creatures (collateral kills)
  An ice beast (D:4)
  An ogre (D:3)
  A scorpion (D:4)
  A crimson imp (D:4)
  An adder (D:3)
  A giant cockroach (D:3)
6 creatures vanquished.

Grand Total: 79 creatures vanquished

Notes
Turn   | Place    | Note
-------+----------+-------------------------------------------
     0 | D:1      | Chiseanne the Demonspawn Wanderer began the quest for the Orb.
     0 | D:1      | Chiseanne set off with: 3 curare-tipped needles, a +2 blowgun, a +0 ring mail, the Papyrus of the Entourage, a bread ration
     0 | D:1      | Reached XP level 1. HP: 15/15 MP: 2/2
     3 | D:1      | Identified the Papyrus of the Entourage
   198 | D:1      | Gained mutation: A weak demonic guardian rushes to your aid. [demonic ancestry]
   198 | D:1      | Reached XP level 2. HP: 18/21 MP: 3/3
   953 | D:2      | Reached skill level 1 in Dodging
   953 | D:2      | Reached XP level 3. HP: 19/27 MP: 4/4
  1244 | D:2      | HP: 1/27 [worm (4)]
  1608 | D:2      | Reached XP level 4. HP: 16/33 MP: 5/5
  2871 | D:3      | Reached XP level 5. HP: 34/39 MP: 4/6
  2910 | D:3      | Noticed an ogre
  2915 | D:3      | Killed an ogre
  3491 | D:4      | Noticed an ice beast
  3496 | D:4      | Gained mutation: You sometimes gain a little power by taking damage. [demonic ancestry]
  3496 | D:4      | Reached XP level 6. HP: 47/47 MP: 7/7
  3504 | D:4      | Killed an ice beast
  3633 | D:4      | Got a colourful robe
  3685 | D:4      | Slain by an orc

Skill      XL: |  1  2  3  4  5  6 |
---------------+-------------------+-----
Dodging        | 1 2 3 |  3.0
Fighting       | 2 3 |  3.5
Armour         | 2 3 |  3.3
Throwing       | 2 |  2.9
Maces & Flails | |  1.0
Stealth        | |  1.0
Spellcasting   | |  1.0
Summonings     | |  2.0
Earth Magic    | |  1.7

Action                   |  1- 3 |  4- 6 || total
-------------------------+-------+-------++-------
Melee: Spear             |    99 |   153 ||   252
  Use: Scroll            |     5 |     6 ||    11
  Eat: Chunk             |     2 |     7 ||     9
Armor: Ring mail         |    43 |    64 ||   107
Dodge: Dodged            |    53 |   110 ||   163
